 Dungeon Crawl Stone Soup version 0.27-a0-1065-ge809cff456 (webtiles) character file.

Game seed: 9345854224123591836

53 kae the Ruffian (level 3, 0/28 HPs)
             Began as a Draconian Transmuter on Apr 23, 2021.
             Succumbed to an adder's poison
             ... on level 2 of the Dungeon.
             The game lasted 00:01:04 (1380 turns).

kae the Ruffian (Draconian Transmuter)              Turns: 1380, Time: 00:01:04

Health: 0/28       AC:  5    Str: 12 (13) XL:     3   Next: 62%
Magic:  6/6        EV: 12    Int: 11 (13) God:
Gold:   63         SH:  5    Dex:  8 (11) Spells: 2/6 levels left

rFire    . . .     SeeInvis .     - Unarmed
rCold    . . .     Faith    .   (no shield)
rNeg     . . .     Spirit   .   (armour unavailable)
rPois    .         Reflect  +   (helmet currently unavailable)
rElec    .         Harm     .   (no cloak)
rCorr    .         Rampage  .   (no gloves)
Will     .....                  (boots currently unavailable)
Stlth    +.........             d - amulet of reflection
HPRegen  0.09/turn              (no ring)
MPRegen  0.10/turn              (no ring)

@: lethally poisoned (0 -> -2), appendages (expiring)
A: horns 2, talons 2, AC +5, unfitting armour, cold-blooded
a: End Transformation


You were on level 2 of the Dungeon.
You had temporarily grown beastly horns and talons.
You visited 1 branch of the dungeon, and saw 2 of its levels.

You collected 63 gold pieces.

Inventory:

Jewellery
 d - an amulet of reflection (around neck)
Potions
 a - a potion of curing {unknown}
 b - a potion of degeneration
 e - 2 potions of haste {unknown}


   Skills:
 + Level 1.5 Fighting
 + Level 2.1 Dodging
 * Level 3.5 Unarmed Combat
 + Level 2.3 Spellcasting
 * Level 2.5 Transmutations
 * Level 0.3 Poison Magic


You had 2 spell levels left.
You knew the following spells:

 Your Spells              Type           Power      Damage    Failure   Level
a - Beastly Appendage     Tmut           12%        N/A       10%         1
b - Spider Form           Tmut/Pois      2%         N/A       43%         3

Your spell library contained the following spells:

 Spells                   Type           Power      Damage    Failure   Level
 Wereblood                Tmut           6%         N/A       16%         2
 Magic Dart               Conj           4%         1d3       28%         1
 Searing Ray              Conj           2%         3d3       38%         2
 Dazzling Flash           Conj/Hex       2%         N/A       63%         3
 Ice Form                 Ice/Tmut       4%         N/A       86%         4
 Fulminant Prism          Conj/Hex       0%         3d6       95%         4
 Iskenderun's Mystic Bla  Conj/Tloc      1%         2d3       95%         4
 Hydra Form               Tmut           3%         N/A       95%         5


Dungeon Overview and Level Annotations

Branches:
Dungeon (2/15)

Altars:


Innate Abilities, Weirdness & Mutations

You have temporarily grown beastly horns and talons.
Your plain brown scales are hard. (AC +5)
You cannot fit into any form of body armour.
You are cold-blooded and may be slowed by cold attacks.


Message History

Your transformation is almost over.
You feel sick. The adder bites you.
You are more poisoned.
The adder poisons you!
You are too injured to fight recklessly!
An adder is nearby!
You are too injured to fight recklessly!
You are too injured to fight recklessly!
An adder is nearby!
You are too injured to fight recklessly!
You are too injured to fight recklessly!
An adder is nearby!
You are too injured to fight recklessly!
You are too injured to fight recklessly!
You barely miss the adder. Your kick misses the adder.
Your headbutt misses the adder.
Your tail-slap misses the adder.
The adder is lightly wounded.
You feel very sick. The adder bites you but does no damage.
You closely miss the adder.
The adder is lightly wounded.
You feel sick. The adder bites you. x2
You hit the adder.
The adder is moderately wounded.
You feel sick. The adder bites you but does no damage.
You closely miss the adder.
The adder is moderately wounded.
You feel sick. The adder bites you but does no damage.
You barely miss the adder. Your kick misses the adder.
Your headbutt misses the adder.
The adder is moderately wounded.
You feel sick. The adder misses you.
You closely miss the adder. You headbutt the adder.
The adder is heavily wounded.
You feel sick. You block the adder's attack. The adder bites you.
* * * LOW HITPOINT WARNING * * *
It was a potion of degeneration.
There was something very wrong with that liquid.
You feel weakened.
You feel dopey.
You feel clumsy.
You die...

####.# #.#
####.##########
...............
####.##.#######
#.##.# #.##.# #####
#.##.# ########......
# #.##.#
#.....@S.?.... .
.<##.###.######..###.
# ####.##.#.# .#
#...###.. # ####.#
#.# #.# .# .# # #


You could see an adder.

Vanquished Creatures
  A dart slug (D:2)
  5 bats
  6 endoplasms
  6 hobgoblins (D:1)
  10 jackals (D:1)
  2 kobolds (D:1)
  A quokka (D:1)
  7 ball pythons
  A frilled lizard (D:1)
  2 goblins (D:1)
  3 rats (D:1)
44 creatures vanquished.

Notes
Turn   | Place    | Note
-------+----------+-------------------------------------------
     0 | D:1      | kae the Draconian Transmuter began the quest for the Orb.
     0 | D:1      | Reached XP level 1. HP: 16/16 MP: 3/3
   173 | D:1      | Reached XP level 2. HP: 19/23 MP: 5/5
   625 | D:1      | Reached XP level 3. HP: 22/28 MP: 4/6
   641 | D:1      | Learned a level 3 spell: Spider Form
  1379 | D:2      | HP: 1/28 [adder (5)]
  1380 | D:2      | Succumbed to an adder's poison

Illustrated notes

Levels and vault maps discovered:
D:1:      dpeg_arrival_arbitrary_c, layout_loops_cross, minmay_pentomino_s4
D:2:      layout_loops_ring, nrook_mini_vaults

Skill      XL: |  1  2 |
---------------+-------+-----
Dodging        | 2 |  2.1
Fighting       | |  1.5
Unarmed Combat | |  3.5
Spellcasting   | |  2.3
Transmutations | |  2.5
Poison Magic   | |  0.3

Action                   || total
-------------------------++-------
Melee: Unarmed           ||   124
       Kick              ||    19
       Punch             ||     1
       Tailslap          ||     5
       Headbutt          ||     7
 Cast: Beastly Appendage ||    20
  Use: Scroll            ||     2
       Potion            ||     1
Armor: Skin              ||    28
Dodge: Dodged            ||    94
Block: Other             ||     4

Table legend: (Time is in decaauts)
 A = Elapsed time spent in this place.
 B = Non-inter-level travel time spent in this place.
 C = Inter-level travel time spent in this place.
 D = Time resting spent in this place.
 E = Time spent auto-exploring this place.
 F = Levels seen in this place.
 G = Mean time per level.
                   A        B        C        D        E       F      G
               +--------+--------+--------+--------+--------+-----+--------+
         Total |   1380 |   1367 |     13 |      5 |   1078 |   2 |  690.0 |
       Dungeon |   1380 |   1367 |     13 |      5 |   1078 |   2 |  690.0 |
               +--------+--------+--------+--------+--------+-----+--------+

Top non-repeatable levels by time:
     D:1: 1186 daAuts
     D:2: 193 daAuts
